 Dungeon Crawl Stone Soup version 0.13.0-9-gbc74161 (webtiles) character file.

440 4tharraofdagon the Chopper (level 6, -22/54 HPs)
             Began as a Troll Berserker on Oct 17, 2013.
             Was a Follower of Trog.
             Annihilated by 4tharraofdagon's ghost (28 damage)
             ... on Level 6 of the Dungeon.
             The game lasted 00:04:30 (774 turns).

4tharraofdagon the Chopper (Troll Berserker)         Turns: 774, Time: 00:04:30

HP -22/54        AC  5     Str 28      XL: 6   Next: 28%
MP   2/2         EV 12     Int -1 (3)  God: Trog [*.....]
Gold 105         SH  0     Dex  7      Spells:  0 memorised,  5 levels left

Res.Fire  : . . .   See Invis. : .   a - +0 hand axe {=f}
Res.Cold  : . . .   Warding    : .   b - +0 animal skin
Life Prot.: . . .   Conserve   : .   (shield restricted)
Res.Poison: .       Res.Corr.  : .   (helmet restricted)
Res.Elec. : .       Clarity    : .   (no cloak)
Sust.Abil.: . .     Spirit.Shd : .   (gloves unavailable)
Res.Mut.  : .       Stasis     : .   (boots unavailable)
Res.Rott. : .       Flight     : .   (no amulet)
Gourmand  : +                        (no ring)
                                     (no ring)

@: lost intelligence, very slow, slightly resistant to hostile enchantments,
very unstealthy
A: unfitting armour, claws 3, fast metabolism 3, -10% hp, gourmand, +10% mp,
regeneration 2, saprovore 2, tough skin 2, AC +1, EV +2, Dex -2
a: Burn Spellbooks, Berserk, Renounce Religion


You were on level 6 of the Dungeon.
You worshipped Trog.
Trog was aware of your devotion.
You were completely stuffed.

You visited 1 branch of the dungeon, and saw 6 of its levels.

You collected 85 gold pieces.

Inventory:

Hand weapons
 a - a +0,+0 hand axe (weapon) {=f}
Armour
 b - a +0 animal skin (worn)
Comestibles
 c - 2 meat rations
 d - a choko
 g - a bread ration
Scrolls
 e - a scroll of blinking {unknown}
 f - a scroll of curse armour {unknown}
 h - 2 scrolls of random uselessness {unknown}
 i - a scroll of remove curse {unknown}
 j - a scroll of identify {unknown}
 l - a scroll of fog {unknown}
Potions
 k - a potion of curing


   Skills:
 - Level 2.4 Fighting
 * Level 5.9 Axes
 - Level 2.6 Dodging


You had 5 spell levels left.
You didn't know any spells.

Dungeon Overview and Level Annotations

Branches:
Dungeon (6/27)
 Temple: D:4-7          Orc: D:6-11

Altars:
Ashenzari
Nemelex Xobeh

Annotations:
D:6 4tharraofdagon's ghost, average TrBe


Innate Abilities, Weirdness & Mutations

You are too large for most types of armour.
You have claws for hands.
Your metabolism is lightning-fast.
You like to eat raw meat.
You heal very quickly.
You can eat rotten meat.
You are covered in fur (AC +1).
You have very tough skin (AC +2).
You are surrounded by a mild repulsion field (EV +2).
You are clumsy. (Dex -2)
You are frail (-10% HP).
You have an increased reservoir of magic (+10% MP).


Message History

The quokka barely misses you. 4tharraofdagon's ghost hits you.
* * * LOW HITPOINT WARNING * * *
The quokka closely misses you.
There is an open door here. 4tharraofdagon's ghost yells, "Who would have thought, even in death it is a pleasure to sever!" 4tharraofdagon's ghost closely misses you. 4tharraofdagon's ghost hits you.
* * * LOW HITPOINT WARNING * * *
The quokka bites you.
* * * LOW HITPOINT WARNING * * *
Unknown command. 4tharraofdagon's ghost closely misses you.
Unknown command.
Unknown command.
An adder comes into view. 4tharraofdagon's ghost screams in joy, "As in life, so in death: Kill!
Kill!!
Kill!!!" 4tharraofdagon's ghost hits you!
Ouch! That really hurt!
You die...

.# ...#..........# .#
..#...#.......# .#
#.#...+..._...+ .###
##.#...........# ...#
#..##.#......%.## .#.#
#.....#.........# .#.#
#.....#⌠.##'##.⌠# .#.#
#.....####...#
##.######.......@#...#
#......'........p...#
########........##+##
#......... .
.......... #
.########..S #...
#.... ...


You could see 4tharraofdagon's ghost and an adder.

Vanquished Creatures
  An ogre (D:5)
  An ice beast (D:6)
  A giant frog (D:6)
  A crimson imp (D:6)
  A scorpion (D:6)
  An adder (D:6)
  3 hobgoblins (D:1)
  6 jackals
  A quokka (D:6)
  A bat (D:6)
  A giant newt (D:2)
  3 goblins
  A hobgoblin zombie (D:5)
  3 kobolds (D:1)
  A rat (D:2)
26 creatures vanquished.

Notes
Turn   | Place    | Note
--------------------------------------------------------------
     0 | D:1      | 4tharraofdagon, the Troll Berserker, began the quest for the Orb.
     0 | D:1      | Reached XP level 1. HP: 23/23 MP: 0/0
   315 | D:2      | Reached XP level 2. HP: 31/31 MP: 0/0
   329 | D:2      | Reached skill level 3 in Axes
   374 | D:1      | Found a sparkling altar of Nemelex Xobeh.
   399 | D:1      | Lost intelligence.
   402 | D:1      | 4tharraofdagon: fuck
   404 | D:1      | Bloax: lolol
   411 | D:1      | Gained mutation: You are clumsy. (Dex -2) [potion of mutation]
   411 | D:1      | Gained mutation: You have large cloven feet. [potion of mutation]
   411 | D:1      | Lost mutation: You have large cloven feet. [potion of mutation]
   413 | D:1      | Bloax: yay
   414 | D:1      | Gained mutation: You are frail (-10% HP). [potion of mutation]
   414 | D:1      | Gained mutation: You are surrounded by a mild repulsion field (EV +2). [potion of mutation]
   414 | D:1      | Gained mutation: You have an increased reservoir of magic (+10% MP). [potion of mutation]
   415 | D:1      | Bloax: fuck
   438 | D:3      | Bloax: time 2 be brain
   438 | D:3      | Lost intelligence.
   442 | D:4      | Bloax: les
   470 | D:5      | Entered Level 5 of the Dungeon
   471 | D:5      | Bloax: brainless thrall
   556 | D:5      | Noticed an ogre
   561 | D:5      | Killed an ogre
   561 | D:5      | Reached skill level 4 in Axes
   561 | D:5      | Reached XP level 3. HP: 24/33 MP: 1/1
   561 | D:5      | Reached XP level 4. HP: 29/41 MP: 1/1
   611 | D:6      | Reached XP level 5. HP: 33/47 MP: 1/1
   617 | D:6      | Reached skill level 5 in Axes
   693 | D:6      | Noticed a giant frog
   693 | D:6      | Noticed an ice beast
   701 | D:6      | Killed an ice beast
   701 | D:6      | Reached XP level 6. HP: 19/54 MP: 2/2
   703 | D:6      | Killed a giant frog
   764 | D:6      | Found a shattered altar of Ashenzari.
   764 | D:6      | Noticed 4tharraofdagon's ghost (average TrBe)
   774 | D:6      | Annihilated by 4tharraofdagon's ghost

Action                   |  1- 3 |  4- 6 || total
-------------------------+-------+-------++-------
Melee: Hand axe          |    53 |    35 ||    88
Invok: Berserk           |     1 |     2 ||     3
  Use: Potion            |     2 |       ||     2
